 Dungeon Crawl Stone Soup version 0.25-a0-413-g3b4b6a4ccc (webtiles) character file.

Game seed: 17061938358756859471, levelgen mode: deterministic

13876 Borgoz the Fighter (level 12, -6/78 HPs)
             Began as a Gargoyle Gladiator on Jan 15, 2020.
             Was a High Priest of Okawaru.
             Killed from afar by a deep elf mage (18 damage)
             ... with a bolt of fire
             ... on level 12 of the Dungeon.
             The game lasted 00:19:55 (13359 turns).

Borgoz the Fighter (Gargoyle Gladiator)            Turns: 13359, Time: 00:19:56

Health: -6/78      AC: 24    Str: 27    XL:     12   Next: 10%
Magic:  15/15      EV: 28    Int: 12    God:    Okawaru [*****.]
Gold:   296        SH:  0    Dex: 14    Spells: 11/11 levels left

rFire    . . .     SeeInvis .   D - +0 dire flail (protect)
rCold    . . .     Gourm    .   (shield currently unavailable)
rNeg     + . .     Faith    .   w - +0 chain mail "Enlaineq" {Str+4 Int+4 Dex+2} (curse)
rPois    ∞         Spirit   .   c - +0 helmet
rElec    +         Reflect  .   o - +0 cloak
rCorr    .         Harm     .   (no gloves)
MR       .....                  h - +0 pair of boots
Stlth    ..........             u - amulet of the acrobat
HPRegen  0.23/turn              (no ring)
MPRegen  0.14/turn              (no ring)

@: acrobat
A: negative energy resistance 1, electricity resistance, unbreathing,
petrification resistance, rot immunity, AC +8
a: Heroism, Finesse, Renounce Religion


You were on level 12 of the Dungeon.
You worshipped Okawaru.
Okawaru was extremely pleased with you.
You were not hungry.

You visited 2 branches of the dungeon, and saw 13 of its levels.

You collected 679 gold pieces.
You spent 383 gold pieces at shops.

Inventory:

Hand Weapons
 s - the +9 hunting sling of Gytrea {speed, rC+ Str-4 Int+4 Dex+3}
   (You took it off an orc on level 9 of the Dungeon)

   Attacks with this weapon are significantly faster.
   It affects your strength (-4).
   It affects your intelligence (+4).
   It affects your dexterity (+3).
   It protects you from cold.
 v - a +1 flail of holy wrath
 D - a +0 dire flail of protection (weapon)
Armour
 c - a +0 helmet (worn)
 h - a +0 pair of boots (worn)
 o - a +0 cloak (worn)
 t - a +1 scale mail of cold resistance
 w - the cursed +0 chain mail "Enlaineq" (worn) {Str+4 Int+4 Dex+2}
   (You bought it in a shop on level 9 of the Dungeon)

   It affects your strength (+4).
   It affects your intelligence (+4).
   It affects your dexterity (+2).
   It has a curse placed upon it.
Jewellery
 u - an amulet of the acrobat (around neck)
Wands
 m - a wand of disintegration (12)
 r - a wand of scattershot (3)
Scrolls
 a - a scroll of immolation
 b - 7 scrolls of teleportation
 d - 2 scrolls of identify
 i - a scroll of fear
 j - 5 scrolls of remove curse
 l - 2 scrolls of magic mapping
 p - a scroll of holy word
 q - a scroll of acquirement {unknown}
 y - a scroll of silence {unknown}
 z - a scroll of enchant weapon
 A - a scroll of enchant armour
Potions
 e - a potion of agility
 g - 3 potions of mutation
 k - a potion of flight
 n - a potion of might
 x - a potion of heal wounds
 B - 4 potions of curing
Comestibles
 f - 16 rations
 C - 18 chunks of flesh


   Skills:
 + Level 10.5 Fighting
 + Level 10.0 Maces & Flails
 - Level 1.7 Throwing
 + Level 10.3 Armour
 + Level 8.3 Dodging
 - Level 4.0 Invocations


You had 11 spell levels left.
You didn't know any spells.
Your spell library contained the following spells:

 Spells                   Type           Power        Failure   Level  Hunger
 Foxfire                  Conj/Fire      #...         82%         1    ##.....
 Summon Small Mammal      Summ           #...         82%         1    ##.....
 Call Imp                 Summ           #.......     91%         2    ###....
 Call Canine Familiar     Summ           #.......     99%         3    ####...
 Conjure Flame            Conj/Fire      #.......     99%         3    ####...
 Inner Flame              Hex/Fire       #.......     99%         3    ####...
 Summon Guardian Golem    Hex/Summ       #.......     99%         3    ####...
 Sticky Flame             Conj/Fire      #.......     100%        4    #####..
 Summon Ice Beast         Ice/Summ       #.......     100%        4    #####..
 Summon Lightning Spire   Summ/Air       #.......     100%        4    #####..
 Fireball                 Conj/Fire      #.........   100%        5    ######.


Dungeon Overview and Level Annotations

Branches:
Dungeon (12/15)            Temple (1/1) D:5            Lair (0/6) D:10
    Orc (0/2) D:9

Altars:
Ashenzari
Cheibriados
Dithmenos
Elyvilon
Fedhas
Gozag
Hepliaklqana
Kikubaaqudgha
Makhleb
Nemelex Xobeh
Okawaru
Qazlal
Ru
Sif Muna
Trog
Uskayaw
Vehumet
Wu Jian
Xom
Yredelemnul
Zin
The Shining One

Shops:
D:5 }   D:9 [(   D:11 %


Innate Abilities, Weirdness & Mutations

You are resistant to torment.
Your stone body is resilient. (AC +8)
You are immune to poison.
You resist negative energy. (rN+)
You are resistant to electric shocks. (rElec)
You can survive without breathing.
You are immune to petrification.
You are immune to rotting.


Message History

The fire elemental completely misses you.
The fire elemental misses you.
The deep elf mage casts a spell.
You barely miss the deep elf mage.
You are covered in liquid flames!
The fire elemental closely misses you. The fire elemental misses you.
The fire elemental hits you. The fire elemental burns you!
* * * LOW HITPOINT WARNING * * *
The deep elf mage mumbles some strange words.
The deep elf mage blinks!
The fire elemental closely misses you.
The fire elemental completely misses you.
The fire elemental hits you. The fire elemental burns you!
* * * LOW HITPOINT WARNING * * *
Found a scroll of enchant weapon.
The deep elf mage points at you and mumbles some strange words.
The bolt of fire hits the fire elemental.
The fire elemental completely resists.
The bolt of fire hits the fire elemental.
The fire elemental completely resists.
The bolt of fire hits you!!
You die...

............#
............#
............#
............#
............#
...<........#
............######
## .........eEE..#
.# $.........○E#@#
.# .........°☼°#?#
.# ............###
.# ....#####....#
.# .... #....# .#
... #..... .#
#...... .#
#....### .# #....#


You could see a deep elf mage and 2 fire elementals.

Vanquished Creatures
  A hydra (D:10)
  A two-headed ogre (D:12)
  An alligator (shapeshifter) (D:11)
  Erica (D:11)
  A cyclops (D:11)
  A komodo dragon (D:10)
  2 trolls
  Grinder (D:4)
  3 hippogriffs
  3 wyverns
  5 yaks (D:11)
  3 hungry ghosts
  A basilisk (D:10)
  Eustachio (D:3)
  A steam dragon (D:9)
  Duvessa (D:4)
  A water moccasin (D:10)
  5 orc warriors
  A swamp drake (D:10)
  4 ice beasts
  6 phantoms
  3 sky beasts
  8 ogres
  2 crocodiles (D:10)
  12 centaurs
  2 big kobolds
  4 bullfrogs
  Blork the orc (D:5)
  Dowan (D:4)
  6 scorpions
  15 killer bees
  A howler monkey (D:4)
  3 bullfrog zombies
  5 crimson imps
  2 centaur zombies
  2 jellies (D:6)
  16 orc wizards
  5 orc priests
  7 hounds
  A centaur skeleton (D:9)
  3 bullfrog skeletons
  4 iguanas
  9 worker ants
  A killer bee zombie (D:7)
  A howler monkey zombie (D:6)
  3 gnolls (D:8)
  12 adders
  4 shadow imps
  4 worms
  A dart slug (D:1)
  11 leopard geckos
  44 orcs
  2 ball pythons
  12 bats
  5 giant cockroaches
  7 goblins
  6 hobgoblins
  11 jackals
  6 quokkas
  4 frilled lizards
  19 kobolds
  A quokka skeleton (D:7)
  A quokka zombie (D:8)
  10 rats
321 creatures vanquished.

Vanquished Creatures (others)
  2 orcs (D:9)
2 creatures vanquished.

Grand Total: 323 creatures vanquished

Notes
Turn   | Place    | Note
-------+----------+-------------------------------------------
     0 | D:1      | Borgoz the Gargoyle Gladiator began the quest for the Orb.
     0 | D:1      | Reached XP level 1. HP: 12/12 MP: 1/1
    68 | D:1      | Reached XP level 2. HP: 10/18 MP: 2/2
   600 | D:1      | Reached skill level 1 in Armour
   744 | D:1      | Reached XP level 3. HP: 21/22 MP: 3/3
  1193 | D:2      | Reached XP level 4. HP: 27/27 MP: 4/4
  1268 | D:2      | Found a faded altar of an unknown god.
  2814 | D:4      | Noticed a phantom
  2818 | D:4      | Noticed Grinder
  2830 | D:4      | Reached XP level 5. HP: 25/32 MP: 5/5
  2883 | D:4      | Noticed Dowan
  2883 | D:4      | Noticed Duvessa
  2886 | D:4      | Paralysed by Grinder for 5 turns
  3125 | D:4      | Noticed Eustachio
  3138 | D:3      | Reached XP level 6. HP: 27/38 MP: 6/6
  3485 | D:3      | Killed Eustachio
  3784 | D:4      | Reached XP level 7. HP: 16/44 MP: 7/7
  3969 | D:4      | You fall into a shaft and drop 1 floor!
  3969 | D:5      | Entered Level 5 of the Dungeon
  4125 | D:5      | Found a stormy altar of Qazlal.
  4168 | D:5      | Found a shattered altar of Ashenzari.
  4265 | D:5      | Found Cunupt's Gadget Shop.
  4520 | D:5      | Noticed Blork the orc
  4535 | D:5      | Killed Blork the orc
  4535 | D:5      | Reached skill level 5 in Maces & Flails
  4663 | D:5      | Found a staircase to the Ecumenical Temple.
  4707 | Temple   | Entered the Ecumenical Temple
  4839 | D:5      | Reached skill level 5 in Fighting
  5277 | D:4      | Paralysed by Grinder for 3 turns
  5281 | D:4      | Paralysed by Grinder for 6 turns
  5290 | D:4      | Paralysed by Grinder for 5 turns
  5299 | D:4      | Killed Grinder
  5299 | D:4      | Reached XP level 8. HP: 46/50 MP: 8/8
  5324 | D:4      | Reached skill level 5 in Armour
  5397 | D:4      | Found a shimmering altar of Xom.
  5563 | D:4      | Killed Duvessa
  5571 | D:4      | Killed Dowan
  5920 | D:6      | Reached skill level 5 in Dodging
  6091 | D:6      | Reached XP level 9. HP: 50/56 MP: 9/9
  6220 | D:6      | Found a glowing silver altar of Zin.
  7707 | D:6      | Found a basalt altar of Yredelemnul.
  8221 | D:7      | Found a sacrificial altar of Ru.
  8222 | D:7      | Found a sparkling altar of Nemelex Xobeh.
  8297 | D:7      | Found a hide-covered altar of Uskayaw.
  8304 | D:7      | Reached XP level 10. HP: 53/64 MP: 10/10
  8359 | D:7      | Found a bloodstained altar of Trog.
  8748 | D:8      | Found a blossoming altar of Fedhas.
  9042 | D:8      | Found an iron altar of Okawaru.
  9046 | D:8      | Became a worshipper of Warmaster Okawaru
  9713 | D:9      | Identified the +9 hunting sling of Gytrea {speed, rC+ Str-4
                  | Int+4 Dex+3}
  9736 | D:9      | Reached * piety under Okawaru
  9807 | D:9      | Found Nizalaus's Weapon Shop.
  9807 | D:9      | Found a staircase to the Orcish Mines.
  9893 | D:9      | Found an ancient bone altar of Kikubaaqudgha.
 10104 | D:9      | Found Jyenniq's Armour Boutique.
 10120 | D:9      | Bought the cursed +0 chain mail "Enlaineq" {Str+4 Int+4
                  | Dex+2} for 383 gold pieces
 10438 | D:10     | Entered Level 10 of the Dungeon
 10551 | D:10     | Noticed a seven-headed hydra
 10586 | D:10     | Killed a seven-headed hydra
 10586 | D:10     | Reached ** piety under Okawaru
 10586 | D:10     | Reached skill level 1 in Invocations
 10586 | D:10     | Reached XP level 11. HP: 16/71 MP: 9/12
 11250 | D:10     | Reached *** piety under Okawaru
 11279 | D:10     | Found a staircase to the Lair.
 11825 | D:11     | Noticed an alligator
 11851 | D:11     | Killed an alligator
 11851 | D:11     | Reached **** piety under Okawaru
 12419 | D:11     | Reached skill level 10 in Fighting
 12473 | D:11     | Noticed Erica
 12493 | D:11     | Killed Erica
 12797 | D:11     | Found Wamegaiss's Food Shop.
 12812 | D:11     | Reached ***** piety under Okawaru
 12812 | D:11     | Reached skill level 10 in Armour
 12894 | D:11     | Noticed a cyclops
 12907 | D:11     | Killed a cyclops
 12996 | D:12     | Noticed a two-headed ogre
 13012 | D:12     | Killed a two-headed ogre
 13012 | D:12     | Reached XP level 12. HP: 40/78 MP: 15/15
 13273 | D:12     | Reached skill level 10 in Maces & Flails
 13278 | D:12     | Received a gift from Okawaru
 13359 | D:12     | Killed from afar by a deep elf mage

Levels and vault maps discovered:
D:1:      lemuel_arrival_lava_pool, layout_basic, minmay_tromino_v7
D:2:      layout_basic, chequers_ecumenical_altar_simple_redux
D:3:      minmay_razor_zed, layout_basic
D:4:      layout_rooms, marbit_many_paths, first_ration, minmay_bisected,
          uniq_grinder, uniq_duvessa, uniq_eustachio
D:5:      layout_basic, nicolae_ashenzari_panopticon, grunt_qazlal_clouds,
          minmay_temple_entry_drinking_statues, serial_shops, shop,
          hangedman_decor_slide_cut, uniq_blork_the_orc
D:6:      layout_cave_pools, nicolae_overflow_hidden_temple
D:7:      layout_cave_pools, grunt_temple_overflow_cloverleaf, serial_rivers,
          chequers_serial_rivers_micro_e, chequers_serial_rivers_small_b,
          chequers_serial_rivers_small_3, chequers_serial_rivers_room_a,
          chequers_serial_rivers_micro_a, chequers_serial_rivers_micro_b
D:8:      layout_cave_pods, kennysheep_little_box, kennysheep_mini
D:9:      layout_loops_ring, lemuel_crystal_altar, orc_david_3, serial_shops,
          shop
D:10:     layout_rooms, erik_lair_dragon
D:11:     layout_basic, serial_shops, shop, uniq_erica
D:12:     layout_irregular_city, grunt_ogre_cave, minmay_microvault
Temple:   eino_temple_lava

Skill      XL: |  1  2  3  4  5  6  7  8  9 10 11 12 |
---------------+-------------------------------------+-----
Armour         | 1 2 3 4 5 7 9 10 | 10.3
Fighting       | 3 4 5 6 7 9 10 | 10.5
Dodging        | 3 4 5 6 7 8 |  8.3
Maces & Flails | 4 5 6 7 8 9 10 | 10.0
Invocations    | 1 4 |  4.0
Throwing       | |  1.7

Action                   |  1- 3 |  4- 6 |  7- 9 | 10-12 || total
-------------------------+-------+-------+-------+-------++-------
Melee: Flail             |   125 |   301 |   474 |   733 ||  1633
       Dire flail        |       |       |       |    49 ||    49
Throw: Throwing net      |       |     3 |     1 |       ||     4
Invok: Heroism           |       |       |       |     3 ||     3
Evoke: Wand              |       |       |       |     4 ||     4
  Use: Scroll            |       |     8 |     6 |     2 ||    16
       Potion            |       |     5 |     4 |     5 ||    14
 Stab: Held in net/web   |       |     1 |       |       ||     1
  Eat: Chunk             |     1 |     9 |    15 |    14 ||    39
       Ration            |       |       |       |     4 ||     4
Armor: Leather armour    |     6 |       |       |       ||     6
       Scale mail        |    57 |   264 |   354 |   112 ||   787
       Skin              |     1 |       |       |       ||     1
       Chain mail        |       |       |       |   318 ||   318
Dodge: Dodged            |    95 |   283 |   458 |   649 ||  1485

Table legend:
 A = Non-vault XP
 B = Vault XP
 C = Vault XP percentage of total XP
 D = Non-vault monster count
 E = Vault monster count
 F = Vault count percentage of total count
                 A         B        C        D         E       F
            +---------+---------+-------+---------+---------+-------
      Total |   16692 |    3132 |  15.8 |     287 |      34 |  10.6
            +---------+---------+-------+---------+---------+-------
        D:1 |      29 |       5 |  14.7 |      18 |       3 |  14.3
        D:2 |      70 |       0 |   0.0 |      22 |       0 |   0.0
        D:3 |      60 |     207 |  77.5 |      15 |      12 |  44.4
        D:4 |     340 |     697 |  67.2 |      19 |       5 |  20.8
        D:5 |     378 |      91 |  19.4 |      16 |       1 |   5.9
        D:6 |    1195 |       0 |   0.0 |      29 |       0 |   0.0
        D:7 |    1865 |       0 |   0.0 |      35 |       0 |   0.0
        D:8 |     850 |       0 |   0.0 |      18 |       0 |   0.0
        D:9 |    1812 |     147 |   7.5 |      29 |       6 |  17.1
       D:10 |    2808 |    1109 |  28.3 |      26 |       6 |  18.8
       D:11 |    5120 |     876 |  14.6 |      49 |       1 |   2.0
       D:12 |    2165 |       0 |   0.0 |      11 |       0 |   0.0
            +---------+---------+-------+---------+---------+-------
